 Dungeon Crawl Stone Soup version 0.22-a0-240-g539252a (webtiles) character file.

13 tidbits the Insei (level 2, -3/23 HPs)
             Began as a Gnoll Transmuter on Feb 21, 2018.
             Slain by a gnoll
             ... wielding a +0 spear
              (9 damage)
             ... on level 2 of the Dungeon.
             The game lasted 00:00:41 (89 turns).

tidbits the Insei (Gnoll Transmuter)                  Turns: 89, Time: 00:00:41

Health: -3/23      AC:  2    Str: 12    XL:     2   Next: 37%
Magic:  7/7        EV: 14    Int: 15    God:
Gold:   36         SH:  0    Dex: 15    Spells: 9/10 levels left

rFire    . . .     SeeInvis .     - Unarmed
rCold    . . .     Gourm    .   (no shield)
rNeg     . . .     Faith    .   b - +0 robe
rPois    .         Spirit   .   (no helmet)
rElec    .         Reflect  .   (no cloak)
rCorr    .         Harm     .   (no gloves)
MR       .....                  (boots currently unavailable)
Stlth    ++........             (no amulet)
HPRegen  0.07/turn              (no ring)
MPRegen  0.10/turn              (no ring)

@: appendage
A: distributed training, fangs 1, talons 3, strong nose
a: End Transformation


You were on level 2 of the Dungeon.
You were not hungry.
You had grown temporary talons.
You visited 1 branch of the dungeon, and saw 2 of its levels.

You collected 36 gold pieces.

Inventory:

Hand Weapons
 d - a +0 hunting sling
Missiles
 a - 12 arrows
Armour
 b - a +0 robe (worn)
Scrolls
 e - a scroll of identify {unknown}
Comestibles
 c - 3 rations


   Skills:
 + Level 2.4 Fighting
 + Level 0.3 Short Blades
 + Level 0.3 Long Blades
 + Level 0.3 Axes
 + Level 0.3 Maces & Flails
 + Level 0.3 Polearms
 + Level 0.3 Staves
 + Level 0.3 Slings
 + Level 0.3 Bows
 + Level 0.3 Crossbows
 + Level 0.3 Throwing
 + Level 0.3 Armour
 + Level 4.4 Dodging
 + Level 0.3 Stealth
 + Level 0.3 Shields
 + Level 6.4 Unarmed Combat
 + Level 4.9 Spellcasting
 + Level 0.2 Conjurations
 + Level 0.2 Hexes
 + Level 0.2 Charms
 + Level 0.2 Summonings
 + Level 0.2 Necromancy
 + Level 0.2 Translocations
 + Level 3.7 Transmutations
 + Level 0.2 Fire Magic
 + Level 0.2 Ice Magic
 + Level 0.2 Air Magic
 + Level 0.2 Earth Magic
 + Level 0.2 Poison Magic
 + Level 0.4 Invocations
 + Level 0.3 Evocations


You had 9 spell levels left.
You knew the following spells:

 Your Spells              Type           Power        Failure   Level  Hunger
e - Beastly Appendage     Tmut           ##....       3%          1    None


Dungeon Overview and Level Annotations

Branches:
Dungeon (2/15)

Altars:


Innate Abilities, Weirdness & Mutations

Your experience applies equally to all skills.
You have very sharp teeth.
Your uncanny sense of smell can sniff out nearby items.
You have claws for feet.


Message History

Welcome, tidbits the Gnoll Transmuter.
Will you prevail where others failed? Will you find the Orb of Zot?
Press ? for a list of commands and other information.
Found a staircase leading out of the dungeon.
Found 17 stones and 15 gold pieces.
Found a spear.
You see here 15 gold pieces.
You now have 15 gold pieces.
Found 21 gold pieces.
Found a ration.
Found a hunting sling and 6 poisoned needles.
Found a ration.
You see here 21 gold pieces.
You now have 36 gold pieces (gained 21).
You see here a ration.
c - 2 rations (gained 1)
You see here a hunting sling.
d - a hunting sling You see here a ration.
c - 3 rations (gained 1)
Found a scroll labeled KIATUS EPIAR.
Found an escape hatch in the floor.
You see here a scroll labeled KIATUS EPIAR.
e - a scroll labeled KIATUS EPIAR
Found a dagger.
There is an escape hatch in the floor here.
You slide downwards.
The hatch slams shut behind you.
A rat comes into view.
The rat barely misses you.
You hit the rat but do no damage. You punch the rat, but do no damage.
Your bite misses the rat. You punch the rat!
You kill the rat!
A jackal comes into view.
Casting: Beastly Appendage (safe; 3% risk of failure)
Confirm with . or Enter, or press ? or * to list all spells.
Your feet morph into talons.
The jackal barks!
A jackal comes into view.
The jackal barks!
You hear a shout! x2
A gnoll comes into view. It is wielding a club.
You hit the jackal. You claw the jackal, but do no damage.
The jackal is heavily wounded.
You hit the jackal but do no damage.
The jackal is heavily wounded.
The jackal bites you but does no damage. x2
The jackal closely misses you.
You hit the jackal but do no damage. Your punch misses the jackal.
The jackal is heavily wounded.
The jackal closely misses you.
The jackal bites you but does no damage.
You barely miss the jackal.
The jackal is heavily wounded.
The jackal barely misses you. The jackal completely misses you.
You punch the jackal!
You kill the jackal!
The jackal bites you.
You punch the jackal!
You kill the jackal!
You closely miss the gnoll. You claw the gnoll.
You bite the gnoll, but do no damage.
The gnoll is moderately wounded.
The gnoll misses you.
You hit the gnoll. You claw the gnoll, but do no damage.
The gnoll is almost dead.
The gnoll hits you with a club.
You hit the gnoll but do no damage. You bite the gnoll, but do no damage.
The gnoll is almost dead.
The gnoll barely misses you.
You hit the gnoll but do no damage.
The gnoll is almost dead.
The gnoll completely misses you.
You hit the gnoll.
You kill the gnoll!
You have reached level 2!
A gnoll comes into view. It is wielding a spear.
Memorise Sticks to Snakes, consuming 2 spell levels and leaving 7?
The gnoll shouts!
You start memorising the spell.
You continue memorising.
The gnoll hits you from afar with a spear!
Your memorisation is interrupted.
A gnoll comes into view.
A goblin comes into view. It is wielding a club.
Things that are here:
a club; a jackal corpse You punch the gnoll!
You claw the gnoll.
The gnoll is severely wounded.
The gnoll hits you with a spear.
* * * LOW HITPOINT WARNING * * *
The goblin moves out of view.
You closely miss the gnoll.
The gnoll is severely wounded.
The gnoll hits you with a spear!
You die...

#### #...#.
###......
#g.g.....
######@#
#......##
#.......#
#...†..##
#.........
#........##
#........#
####+##..#
...


You could see 2 gnolls.

Vanquished Creatures
  A gnoll (D:2)
  2 jackals (D:2)
  A rat (D:2)
4 creatures vanquished.

Notes
Turn   | Place    | Note
-------+----------+-------------------------------------------
     0 | D:1      | tidbits the Gnoll Transmuter began the quest for the Orb.
     0 | D:1      | Reached XP level 1. HP: 17/17 MP: 6/6
    84 | D:2      | Reached XP level 2. HP: 20/23 MP: 7/7
    89 | D:2      | Slain by a gnoll

Vault maps used:
D:1:      dpeg_arrival_snail, st_stairs_6
D:2:      gammafunk_temple_overflow_claw, marbit_many_paths, first_ration,
          uniq_terence

Action                   || total
-------------------------++-------
Melee: Unarmed           ||    15
       Kick              ||     4
       Bite              ||     2
       Punch             ||     1
 Cast: Beastly Appendage ||     1
Armor: Robe              ||     3
Dodge: Dodged            ||     8

Table legend:
 A = Spawn XP
 B = Non-spawn XP
 C = Spawn XP percentage of total XP
 D = Spawn monster count
 E = Non-spawn monster count
 F = Spawn count percentage of total count
 G = Total turns spent on level
                    A         B        C        D         E        F      G
               +---------+---------+-------+---------+---------+-------+---------
         Total |       0 |      19 |   0.0 |       0 |       4 |   0.0 |    89
               +---------+---------+-------+---------+---------+-------+---------
           D:2 |       0 |      19 |   0.0 |       0 |       4 |   0.0 |    22
               +---------+---------+-------+---------+---------+-------+---------

Table legend:
 A = Turns spent in this place as a percentage of turns spent in the entire game.
 B = Non-inter-level travel turns spent in this place as a percentage of non-inter-level travel turns spent in the entire game.
 C = Inter-level travel turns spent in this place as a percentage of turns spent in this place.
 D = Turns resting spent in this place as a percentage of non-inter-level travel turns spent in this place.
 E = Turns spent auto-exploring this place as a percentage of non-inter-level travel turns spent in this place.
 F = Non-inter-level travel turns spent in this place divided by the number of levels of this place that you've seen.
                   A       B       C       D       E      F
               +-------+-------+-------+-------+-------+----------------------
         Total | 100.0 | 100.0 |   0.0 |   0.0 |   0.0 |  44.5
       Dungeon | 100.0 | 100.0 |   0.0 |   0.0 |   0.0 |  44.5
               +-------+-------+-------+-------+-------+----------------------

Table legend:
 A = Kills in this place as a percentage of kills in entire the game.
 B = Kills by you in this place as a percentage of kills by you in the entire game.
 C = Kills by friends in this place as a percentage of kills by friends in the entire game.
 D = Other kills in this place as a percentage of other kills in the entire game.
 E = Experience gained in this place as a percentage of experience gained in the entire game.
 F = Experience gained in this place divided by the number of levels of this place that you have seen.
                   A       B       C       D       E      F
               +-------+-------+-------+-------+-------+----------------------
         Total | 100.0 | 100.0 |   N/A |   N/A | 100.0 |   9.5
       Dungeon | 100.0 | 100.0 |   N/A |   N/A | 100.0 |   9.5
               +-------+-------+-------+-------+-------+----------------------

Vault maps used:
D:1:      dpeg_arrival_snail, st_stairs_6
D:2:      gammafunk_temple_overflow_claw, marbit_many_paths, first_ration,
          uniq_terence
